[ AOE2 MATCH · #494145082 ]
UnrankedKoreans vs Goths
Player's team · WIN
Rival team · LOSS
[ REPLAY ANALYSIS · EXTRACTED FROM THE RECORDED GAME ]
Feudal
12:14
Castle
24:18
Imperial
—
| APM avg | 37.5 |
| APM peak | 73 |
| eAPM avg | 20.6 |
| Villagers / military | 45 / 17 |
Focus
⚔️ 24.3% · 🌾 75.7%
Militia ×9 · Fishing Ship ×7 · Iron Pagoda ×5 · Fire Lancer ×3 · Unknown (2626) ×2
Feudal
13:51
Castle
—
Imperial
—
| APM avg | 21.3 |
| APM peak | 87 |
| eAPM avg | 14.3 |
| Villagers / military | 61 / 5 |
Focus
⚔️ 25.4% · 🌾 74.6%
Fishing Ship ×10 · Scout Cavalry ×5 · Unknown (2626) ×5
Match map
Initial resources + every placement click. Lines = walls · curves = elevation contours. ◆ gold · ⬟ stone · ● berries · ✦ relic · ◌ wall gap
Your base· Open — 4t gap
Tebini Koppini's base· Open — unwalled flank
Smoothed initial terrain · ◌ = detected wall gap · hover for details
Inputs per minute
— [KYS] CaptainJesus - - Tebini Koppini
Build order — [KYS] CaptainJesus
140 actions detected in the replay
| 0:08 | Build | Dock |
| 0:10 | Build | House |
| 0:19 | Build | Town Center |
| 2:26 | Create | Villager (Male) |
| 2:26 | Create | Villager (Male) |
| 2:26 | Create | Villager (Male) |
| 2:50 | Create | Villager (Male) |
| 3:26 | Create | Villager (Male) |
| 3:48 | Create | Fishing Ship |
| 4:19 | Build | House |
| 4:25 | Create | Villager (Male) |
| 4:57 | Create | Villager (Male) |
| 5:03 | Create | Fishing Ship |
| 5:24 | Research | Loom |
| 5:35 | Create | Villager (Male) |
| 5:43 | Build | House |
| 5:55 | Create | Villager (Male) |
| 6:16 | Create | Fishing Ship |
| 6:21 | Build | House |
| 6:38 | Create | Villager (Male) |
| 6:48 | Create | Fishing Ship |
| 6:49 | Create | Fishing Ship |
| 6:57 | Create | Villager (Male) |
| 7:15 | Create | Villager (Male) |
| 7:22 | Create | Fishing Ship |
| 7:49 | Create | Villager (Male) |
| 8:01 | Create | Villager (Male) |
| 8:08 | Create | Fishing Ship |
| 8:16 | Build | House |
| 8:20 | Build | House |
| 8:29 | Create | Villager (Male) |
| 9:02 | Create | Villager (Male) |
| 9:15 | Build | Mining Camp |
| 9:37 | Create | Villager (Male) |
| 10:04 | Research | Feudal Age |
| 10:46 | Build | Outpost |
| 10:57 | Build | Barracks |
| 11:35 | Create | Militia |
| 12:10 | Create | Militia |
| 12:14 | Age | Feudal Age |
| 12:17 | Build | Watch Tower |
| 12:24 | Research | Man-at-Arms (upgrade) |
| 12:27 | Create | Villager (Male) |
| 12:40 | Create | Militia |
| 13:00 | Build | Dock |
| 13:10 | Create | Villager (Male) |
| 13:17 | Build | Lumber Camp |
| 13:31 | Build | Watch Tower |
| 13:34 | Build | Palisade Wall |
| 13:39 | Create | Villager (Male) |
| 13:52 | Create | Villager (Male) |
| 13:56 | Build | House |
| 14:05 | Create | Villager (Male) |
| 14:09 | Build | Blacksmith |
| 14:12 | Create | Villager (Male) |
| 14:25 | Create | Militia |
| 14:43 | Create | Villager (Male) |
| 14:47 | Build | Mill |
| 15:09 | Build | Watch Tower |
| 15:15 | Create | Militia |
| 15:17 | Create | Villager (Male) |
| 15:35 | Research | Tech 906 |
| 15:39 | Build | House |
| 15:40 | Build | House |
| 15:41 | Build | House |
| 15:50 | Create | Militia |
| 15:59 | Create | Villager (Male) |
| 16:33 | Create | Villager (Male) |
| 16:46 | Research | Scale Mail Armor |
| 16:47 | Create | Villager (Male) |
| 17:04 | Create | Militia |
| 17:11 | Create | Villager (Male) |
| 17:36 | Build | Watch Tower |
| 17:42 | Research | Double-Bit Axe |
| 17:52 | Build | Mill |
| 18:09 | Create | Villager (Male) |
| 18:11 | Research | Arson |
| 18:27 | Create | Villager (Male) |
| 18:28 | Create | Militia |
| 18:40 | Build | Market |
| 19:03 | Create | Unit 2626 |
| 19:07 | Create | Villager (Male) |
| 19:20 | Build | Watch Tower |
| 19:24 | Build | Palisade Gate |
| 19:31 | Create | Villager (Male) |
| 19:37 | Build | Dock |
| 19:39 | Build | House |
| 19:40 | Build | House |
| 19:41 | Build | House |
| 19:56 | Build | Watch Tower |
| 20:02 | Create | Villager (Male) |
| 20:10 | Create | Unit 2626 |
| 20:14 | Create | Villager (Male) |
| 21:08 | Create | Villager (Male) |
| 21:33 | Research | Castle Age |
| 21:59 | Research | Horse Collar |
| 22:02 | Build | Farm |
| 22:02 | Build | Farm |
| 22:02 | Build | Farm |
| 22:02 | Build | Farm |
| 22:03 | Build | Farm |
| 22:11 | Build | Watch Tower |
| 22:15 | Create | Villager (Male) |
| 22:21 | Research | Forging |
| 23:10 | Research | Fletching |
| 23:12 | Create | Villager (Male) |
| 23:27 | Research | Gold Mining |
| 23:32 | Build | Barracks |
| 23:44 | Create | Villager (Male) |
| 23:56 | Build | House |
| 23:57 | Build | House |
| 23:58 | Build | House |
| 23:58 | Build | House |
| 23:58 | Build | House |
| 24:04 | Build | Watch Tower |
| 24:18 | Age | Castle Age |
| 24:20 | Build | Siege Workshop |
| 24:22 | Research | Bow Saw |
| 24:38 | Create | Militia |
| 24:41 | Create | Fire Lancer |
| 24:51 | Create | Villager (Male) |
| 25:03 | Create | Iron Pagoda |
| 25:13 | Build | Siege Workshop |
| 25:15 | Create | Villager (Male) |
| 25:29 | Create | Fire Lancer |
| 25:33 | Research | Chain Mail Armor |
| 25:43 | Build | Watch Tower |
| 25:59 | Build | Barracks |
| 26:12 | Create | Fire Lancer |
| 26:21 | Research | Bodkin Arrow |
| 26:48 | Create | Iron Pagoda |
| 26:48 | Create | Iron Pagoda |
| 26:50 | Create | Villager (Male) |
| 27:00 | Build | Watch Tower |
| 27:11 | Create | Villager (Male) |
| 27:18 | Build | Town Center |
| 27:19 | Create | Villager (Male) |
| 27:29 | Create | Villager (Male) |
| 27:35 | Create | Iron Pagoda |
| 27:35 | Create | Iron Pagoda |
Build order — Tebini Koppini
126 actions detected in the replay
| 0:24 | Build | Town Center |
| 0:52 | Build | House |
| 0:55 | Build | Dock |
| 2:26 | Create | Villager (Male) ×4 |
| 2:26 | Create | Villager (Male) ×4 |
| 2:57 | Research | Loom |
| 2:57 | Research | Loom |
| 2:57 | Create | Villager (Male) |
| 2:58 | Create | Villager (Male) |
| 2:58 | Create | Villager (Male) |
| 4:02 | Create | Villager (Male) |
| 4:10 | Build | House |
| 4:24 | Create | Villager (Male) |
| 4:51 | Create | Villager (Male) |
| 5:14 | Create | Villager (Male) ×2 |
| 6:13 | Create | Villager (Male) ×3 |
| 6:21 | Create | Fishing Ship |
| 6:31 | Build | House |
| 7:04 | Create | Villager (Male) ×2 |
| 7:05 | Create | Villager (Male) ×2 |
| 7:09 | Build | House |
| 7:52 | Create | Fishing Ship |
| 8:12 | Create | Villager (Male) |
| 8:32 | Create | Fishing Ship |
| 8:36 | Build | House |
| 8:41 | Create | Villager (Male) ×5 |
| 9:28 | Build | Mill |
| 9:36 | Create | Fishing Ship |
| 10:02 | Build | Farm |
| 10:14 | Create | Fishing Ship |
| 10:29 | Build | House |
| 10:38 | Build | House |
| 10:42 | Create | Villager (Male) |
| 10:53 | Create | Fishing Ship |
| 11:01 | Build | House |
| 11:03 | Build | Palisade Wall |
| 11:11 | Create | Villager (Male) |
| 11:38 | Build | House |
| 11:41 | Research | Feudal Age |
| 11:41 | Research | Feudal Age |
| 11:47 | Build | Palisade Wall |
| 12:02 | Build | Mining Camp |
| 12:15 | Build | Palisade Wall |
| 12:23 | Build | Dock |
| 12:36 | Build | House |
| 12:38 | Build | House |
| 12:42 | Build | Palisade Wall |
| 12:50 | Create | Villager (Male) |
| 13:28 | Build | Lumber Camp |
| 13:33 | Build | House |
| 13:46 | Create | Villager (Male) |
| 13:51 | Age | Feudal Age |
| 14:08 | Create | Villager (Male) |
| 14:09 | Create | Villager (Male) |
| 14:26 | Build | Watch Tower |
| 14:32 | Build | Palisade Wall |
| 14:39 | Create | Villager (Male) |
| 14:41 | Build | House |
| 14:51 | Build | Palisade Wall |
| 15:15 | Build | Mining Camp |
| 15:28 | Create | Villager (Male) |
| 15:59 | Research | Town Watch |
| 16:25 | Build | Palisade Wall |
| 16:28 | Build | Palisade Wall |
| 16:35 | Build | Lumber Camp |
| 16:51 | Build | Watch Tower |
| 16:56 | Create | Villager (Male) |
| 16:56 | Create | Villager (Male) |
| 17:45 | Create | Villager (Male) |
| 17:45 | Create | Villager (Male) |
| 17:50 | Build | House |
| 18:03 | Build | House |
| 18:12 | Build | House |
| 18:14 | Build | House |
| 18:26 | Create | Villager (Male) |
| 18:26 | Create | Villager (Male) |
| 18:34 | Build | Barracks |
| 18:49 | Build | House |
| 18:56 | Build | Market |
| 19:00 | Create | Villager (Male) |
| 19:17 | Build | Lumber Camp |
| 19:25 | Build | House |
| 19:28 | Build | House |
| 19:36 | Build | Watch Tower |
| 19:42 | Build | House |
| 19:44 | Create | Villager (Male) |
| 20:06 | Create | Villager (Male) |
| 20:19 | Build | Watch Tower |
| 20:22 | Build | Blacksmith |
| 20:24 | Create | Villager (Male) |
| 20:24 | Create | Villager (Male) |
| 21:03 | Build | House |
| 21:06 | Build | House |
| 21:09 | Build | House |
| 21:12 | Build | House |
| 21:41 | Build | Watch Tower |
| 21:50 | Create | Villager (Male) |
| 21:51 | Create | Villager (Male) |
| 22:05 | Build | Watch Tower |
| 22:38 | Research | Fletching |
| 23:05 | Create | Villager (Male) |
| 23:05 | Create | Villager (Male) |
| 23:05 | Create | Villager (Male) |
| 23:44 | Build | Dock |
| 23:58 | Create | Fishing Ship ×4 |
| 24:48 | Build | Dock |
| 25:09 | Build | Stable |
| 25:16 | Create | Villager (Male) |
| 25:17 | Create | Villager (Male) |
| 25:45 | Create | Unit 2626 |
| 25:45 | Create | Unit 2626 |
| 25:48 | Create | Unit 2626 |
| 26:02 | Create | Unit 2626 |
| 26:02 | Create | Unit 2626 |
| 26:03 | Create | Villager (Male) |
| 26:03 | Create | Villager (Male) |
| 26:03 | Create | Villager (Male) |
| 26:04 | Create | Villager (Male) |
| 26:12 | Create | Scout Cavalry |
| 26:12 | Create | Scout Cavalry |
| 26:39 | Create | Scout Cavalry |
| 26:57 | Build | Mining Camp |
| 27:04 | Create | Scout Cavalry |
| 27:28 | Create | Villager (Male) |
| 27:28 | Create | Villager (Male) |
| 27:38 | Create | Scout Cavalry |
Match timeline
| 0:08 | [KYS] CaptainJesus · first_building Dock |
| 0:55 | Tebini Koppini · first_building Dock |
| 10:57 | [KYS] CaptainJesus · first_building Barracks |
| 11:03 | Tebini Koppini · wall_segment Palisade Wall x8 |
| 11:47 | Tebini Koppini · wall_segment Palisade Wall x6 |
| 12:14 | [KYS] CaptainJesus · age_up feudal |
| 12:15 | Tebini Koppini · wall_segment Palisade Wall x7 |
| 12:42 | Tebini Koppini · wall_segment Palisade Wall x2 |
| 13:34 | [KYS] CaptainJesus · wall_segment Palisade Wall x1 |
| 13:51 | Tebini Koppini · age_up feudal |
| 14:32 | Tebini Koppini · wall_segment Palisade Wall x6 |
| 14:51 | Tebini Koppini · wall_segment Palisade Wall x1 |
| 16:25 | Tebini Koppini · wall_segment Palisade Wall x1 |
| 16:28 | Tebini Koppini · wall_segment Palisade Wall x1 |
| 18:34 | Tebini Koppini · first_building Barracks |
| 19:33 | Tebini Koppini · first_market_buy 100 stone |
| 21:27 | [KYS] CaptainJesus · first_market_sell 100 wood |
| 21:29 | [KYS] CaptainJesus · first_market_buy 100 food |
| 22:35 | Tebini Koppini · first_market_sell 100 food |
| 24:18 | [KYS] CaptainJesus · age_up castle |
| 24:20 | [KYS] CaptainJesus · first_building Siege Workshop |
| 25:09 | Tebini Koppini · first_building Stable |
| 27:52 | Tebini Koppini · resign |
[ AI ANALYSIS · 1 CREDIT ]
What really happened in this match?
Wolo.gg analyzes every decision: build order, eco, micro, common mistakes by bracket. Personalized analysis on WhatsApp or Discord in 30 seconds.
Civ guide
Koreans
Perfil
[KYS] CaptainJesus